 Dungeon Crawl Stone Soup version 0.29.1-12-g30fa7ad0bf (webtiles) character file.

Game seed: 16583227177761159862

1714 tesmudgin the Cleaver (level 8, -2/71 HPs)
             Began as a Minotaur Fighter on Jan 10, 2023.
             Was an Initiate of Trog.
             Slain by Maggie
             ... wielding a +1 morningstar of flaming
              (13 damage)
             ... on level 6 of the Dungeon.
             The game lasted 00:26:54 (5050 turns).

tesmudgin the Cleaver (Minotaur Fighter)            Turns: 5050, Time: 00:26:55

Health: -2/71      AC: 11    Str: 24    XL:     8   Next: 74%
Magic:  7/7        EV: 10    Int:  5    God:    Trog [......]
Gold:   1578       SH:  4    Dex:  9    Spells: 7/7 levels left

rFire   + . .      SeeInvis .   a - +0 war axe
rCold   x . .      Faith    .   c - +0 buckler
rNeg    . . .      Spirit   .   b - +0 scale mail
rPois   .          Reflect  .   (helmet restricted)
rElec   .          Harm     .   (no cloak)
rCorr   .          Rampage  .   (no gloves)
Will    .....                   (no boots)
Stlth   ..........              n - amulet of magic regeneration
HPRegen 0.21/turn               d - ring of fire
MPRegen 0.50/turn               y - +4 ring of protection

@: mesmerised
A: horns 2, retaliatory headbutt
a: Renounce Religion


You were on level 6 of the Dungeon.
You worshipped Trog.
Trog was noncommittal.
You visited 2 branches of the dungeon, and saw 7 of its levels.

You collected 1578 gold pieces.

Inventory:

Hand Weapons
 a - a +0 war axe (weapon)
 t - a +2 flail of protection
Armour
 b - a +0 scale mail (worn)
 c - a +0 buckler (worn)
Jewellery
 d - a ring of fire (left hand)
 m - a ring of poison resistance
 n - an amulet of magic regeneration (around neck)
 y - a +4 ring of protection (right hand)
Wands
 r - a wand of charming (4)
 s - a wand of mindburst (10)
Scrolls
 e - a scroll of amnesia
 f - 2 scrolls of identify
 k - 3 scrolls of butterflies
 o - 3 scrolls of blinking
 p - 2 scrolls of teleportation
 w - a scroll of poison
Potions
 g - a potion of lignification
 h - a potion of ambrosia {unknown}
 i - a potion of resistance {unknown}
 j - 3 potions of curing {unknown}
 l - 3 potions of degeneration {unknown}
 q - a potion of mutation {unknown}
 u - a potion of berserk rage
 v - a potion of might
 x - a potion of attraction {unknown}
 z - a potion of cancellation {unknown}


   Skills:
 + Level 6.7 Fighting
 + Level 9.6 Axes
 + Level 6.9 Armour
 + Level 2.8 Dodging
 + Level 1.1 Stealth
 + Level 4.9 Shields


You had 7 spell levels left.
You didn't know any spells.
Your spell library contained the following spells:

 Spells                   Type           Power      Damage    Failure   Level
 Sandblast                Erth           0%         2d4       83%         1
 Shock                    Conj/Air       0%         1d3       83%         1
 Passwall                 Tmut/Erth      0%         N/A       93%         2
 Confusing Touch          Hex            0%         N/A       99%         3
 Stone Arrow              Conj/Erth      0%         3d7       99%         3
 Swiftness                Air            0%         N/A       99%         3
 Airstrike                Air            0%         2d(0-16)  100%        4
 Yara's Violent Unravell  Hex/Tmut       0%         3d3       100%        5
 Enfeeble                 Hex            0%         N/A       100%        7


Dungeon Overview and Level Annotations

Branches:
Dungeon (6/15)             Temple (1/1) D:4

Altars:
Ashenzari
Cheibriados
Elyvilon
Fedhas
Gozag
Hepliaklqana
Kikubaaqudgha
Makhleb
Okawaru
Ru
Sif Muna
Trog
Uskayaw
Wu Jian
Xom
Yredelemnul
The Shining One

Shops:
D:1 ?   D:2 =

Annotations:
D:6 Maggie


Innate Abilities, Weirdness & Mutations

You have a pair of horns on your head.
You reflexively headbutt those who attack you in melee.


Message History

You slash Maggie! Your headbutt misses Maggie.
Maggie is moderately wounded.
You slash the hound!
You kill the hound!
Trog accepts your kill. Maggie hits you but does no damage.
You hit Maggie but do no damage. You headbutt Maggie, but do no damage.
Maggie is moderately wounded.
Maggie hits you with a +1 morningstar of flaming!
Maggie burns you.
You closely miss Maggie.
Maggie is moderately wounded.
Maggie misses you. You furiously retaliate!
You headbutt Maggie! You slash Maggie! Your headbutt misses Maggie.
Maggie is severely wounded.
Maggie casts a spell at you. The bolt of fire hits you! You resist.
You hit Maggie but do no damage.
Maggie is severely wounded.
Maggie hits you with a +1 morningstar of flaming!
Maggie burns you.
You hit Maggie. Your headbutt misses Maggie.
Maggie is severely wounded.
Maggie points at you and mumbles some strange words.
The bolt of fire hits you! You resist.
You hit Maggie. Your headbutt misses Maggie.
Maggie is severely wounded.
Maggie casts a spell at you. The bolt of fire hits you! You resist.
* * * LOW HITPOINT WARNING * * *
You slash Maggie!
Maggie is almost dead.
Maggie hits you with a +1 morningstar of flaming!
* * * LOW HITPOINT WARNING * * *
Maggie burns you.
* * * LOW HITPOINT WARNING * * *
You completely miss Maggie. You headbutt Maggie, but do no damage.
Maggie is almost dead.
Maggie hits you with a +1 morningstar of flaming!
You die...

.........)....#.##
..####...)........
#.####...)....#. # .
#..#...###.#### .# .#
##....##....#######.#..#
.##<#..#..#.............
..........#####.........
..........# #.........
...#........ #.@.......
..##.##..#.. #@........
.. #.##..... #.......>.
.. .# #. ..........
./......... ...#########
.... ##.#.


You could see Maggie (mesmerising).

Vanquished Creatures
  Grinder (D:4)
  Sigmund (D:3)
  3 ice beasts
  The ghost of ThatPearl the Pure, an amateur DsAK of Lugonu (D:4)
  3 ogres
  A phantom (D:4)
  3 necrophages
  2 scorpions
  2 hounds
  A jelly (D:5)
  A gnoll bouda (D:5)
  An iguana (D:6)
  A scorpion zombie (D:3)
  An orc wizard (D:6)
  A bullfrog simulacrum (D:4)
  A scorpion simulacrum (D:4)
  A howler monkey zombie (D:3)
  4 gnolls (D:5)
  3 adders
  A howler monkey simulacrum (D:4)
  2 adder skeletons (D:3)
  A worm (D:3)
  A dart slug (D:4)
  2 adder simulacra (D:4)
  11 orcs
  5 ball pythons
  5 bats
  6 endoplasms
  A giant cockroach (D:2)
  9 goblins
  3 hobgoblins
  5 jackals
  A quokka (D:1)
  2 ball python skeletons (D:3)
  A frilled lizard (D:3)
  5 kobolds
  A quokka simulacrum (D:4)
  7 rats
101 creatures vanquished.

Vanquished Creatures (others)
  A withered plant (D:3)
1 creature vanquished.

Grand Total: 102 creatures vanquished

Notes
Turn   | Place    | Note
-------+----------+-------------------------------------------
     0 | D:1      | tesmudgin the Minotaur Fighter began the quest for the Orb.
     0 | D:1      | Reached XP level 1. HP: 19/19 MP: 0/0
    66 | D:1      | Reached XP level 2. HP: 25/27 MP: 1/1
    85 | D:1      | Found Seuxung's Magic Scroll Emporium.
   197 | D:2      | Found Ohicuset's Jewellery Shoppe.
   407 | D:2      | Reached XP level 3. HP: 33/33 MP: 2/2
   499 | D:2      | Found a hide-covered altar of Uskayaw.
   577 | D:2      | Reached skill level 3 in Axes
  1405 | D:3      | Reached XP level 4. HP: 36/41 MP: 3/3
  1653 | D:3      | Noticed Sigmund
  1678 | D:3      | Killed Sigmund
  1679 | D:3      | Reached skill level 5 in Axes
  1679 | D:3      | Reached skill level 1 in Dodging
  1679 | D:3      | Reached XP level 5. HP: 44/47 MP: 4/4
  1730 | D:3      | Identified a scroll of acquirement
  1731 | D:3      | Acquired 1303 gold pieces
  1959 | D:4      | Found a runed translucent gate.
  1959 | D:4      | Found a runed translucent gate.
  1959 | D:4      | Found a runed translucent gate.
  1980 | D:4      | Noticed an ice beast
  1982 | D:4      | Reached XP level 6. HP: 55/55 MP: 5/5
  1985 | D:4      | Killed an ice beast
  1985 | D:4      | Noticed ThatPearl's ghost (amateur DsAK)
  1986 | D:4      | Reached skill level 5 in Fighting
  1986 | D:4      | Reached skill level 5 in Armour
  1991 | D:4      | Noticed an ice beast
  1995 | D:4      | Killed ThatPearl's ghost
  1996 | D:4      | Reached skill level 6 in Axes
  1999 | D:4      | Killed an ice beast
  2000 | D:4      | Reached XP level 7. HP: 21/61 MP: 6/6
  2270 | D:4      | Reached skill level 1 in Stealth
  2330 | D:4      | Noticed Grinder
  2333 | D:4      | Paralysed by Grinder for 4 turns
  2344 | D:4      | Paralysed by Grinder for 5 turns
  2354 | D:4      | Killed Grinder
  2355 | D:4      | Reached skill level 7 in Axes
  2358 | D:4      | Found a staircase to the Ecumenical Temple.
  2367 | Temple   | Entered the Ecumenical Temple
  2748 | Temple   | Became a worshipper of Trog the Wrathful
  3222 | D:5      | Entered Level 5 of the Dungeon
  3230 | D:5      | Reached skill level 8 in Axes
  3230 | D:5      | Reached XP level 8. HP: 70/70 MP: 7/7
  3911 | D:5      | Reached skill level 9 in Axes
  4546 | D:5      | Found a shimmering blue altar of Sif Muna.
  5035 | D:6      | Noticed Maggie
  5050 | D:6      | Slain by Maggie

Illustrated notes

Levels and vault maps discovered:
D:1:      psy_arrival_basics, layout_basic, shapermc_ecumenical_altar_venn,
          serial_shops, shop_fountains
D:2:      layout_basic, serial_shops, shop_statue, basic_altar,
          kennysheep_another_room
D:3:      layout_loops_ring, serial_undead, serial_undead_e, serial_undead_e,
          serial_undead_d, serial_undead_c, uniq_sigmund
D:4:      layout_rooms, lemuel_temple_firewalk_a, gammafunk_ghost_icy,
          kennysheep_potato, uniq_grinder
D:5:      layout_basic, lemuel_blue_sif_altar
D:6:      layout_rooms, mainiacjoe_overflow_surrounded_room,
          nicolae_overflow_hidden_temple, minmay_misc_feat_chi,
          grunt_decor_junction, minmay_misc_feat_doors, uniq_maggie
Temple:   eino_temple_rhombus

Skill      XL: |  1  2  3  4  5  6  7  8 |
---------------+-------------------------+-----
Fighting       | 4 5 6 |  6.7
Armour         | 4 5 6 |  6.9
Shields        | 4 |  4.9
Axes           | 3 5 6 8 9 |  9.6
Dodging        | 1 2 |  2.8
Stealth        | 1 |  1.1

Action                   |  1- 3 |  4- 6 |  7- 9 || total
-------------------------+-------+-------+-------++-------
Melee: War axe           |    87 |    31 |   155 ||   273
       Headbutt          |     7 |     4 |    31 ||    42
  Use: Scroll            |     4 |     5 |       ||     9
       Potion            |       |     2 |     2 ||     4
Armor: Scale mail        |    40 |    11 |    37 ||    88
Dodge: Dodged            |    43 |    12 |    50 ||   105
Block: Buckler           |    18 |     7 |    24 ||    49
